AoeStats
← SobbingFoil424

Arena

509957825Analyzed
1v1 RM · 4d ago on Sep 28, 2026· 75m 58s· 2 players
Game mode
Random Map
Map size
Tiny (2 player)
Population
200
Speed
Normal
Resources
Standard
Victory
Conquest
Starting age
Dark Age
Ending age
Imperial Age
RankedLock teamsTeams togetherTeam positionsShared explorationLock speedFull tech treeHidden civsTurbo modeCheats
Victory
Defeat
🇹🇼 Lithuanians · Taiwan
1042
+16
🇧🇷 Cumans · Brazil
1046
-16
SobbingFoil424
10:04 Feudal Age
10:32 Double-Bit Axe
10:32 Horse Collar
13:47 Loom
16:31 Castle Age
14:58 Gold Mining
15:41 Stone Mining
16:37 Town Watch
17:27 Wheelbarrow
17:25 Scale Barding Armor
18:03 Bow Saw
18:40 Pikeman
21:19 Scale Mail Armor
24:32 Hand Cart
25:12 Fortified Wall
25:13 Heavy Plow
27:34 Stone Shaft Mining
27:57 Treadmill Crane
33:17 Imperial Age
31:55 Masonry
33:53 Squires
34:13 Halberdier
35:32 Bloodlines
35:23 Husbandry
37:34 Forging
37:44 Chain Barding Armor
37:42 Chain Mail Armor
38:03 Onager
39:27 Chain Barding Armor
39:43 Iron Casting
39:36 Conscription
40:23 Chemistry
39:43 Ballistics
40:45 Crop Rotation
41:17 Two-Man Saw
40:27 Arson
41:28 Ballistics
45:09 Tower Shields
45:12 Fletching
45:22 Padded Archer Armor
46:00 Iron Casting
46:00 Plate Barding Armor
46:22 Bodkin Arrow
47:52 Plate Barding Armor
49:32 Light Cavalry
50:53 Winged Hussar
52:43 Winged Hussar
63:16 Thumb Ring
63:55 Architecture
67:35 Elite Skirmisher
Maxi
10:49 Feudal Age
11:20 Loom
15:19 Castle Age
13:47 Double-Bit Axe
14:41 Horse Collar
15:47 Bloodlines
15:33 Gold Mining
22:18 Wheelbarrow
24:20 Bow Saw
25:07 Heavy Plow
25:26 Scale Barding Armor
25:32 Forging
25:27 Stone Mining
28:51 Hand Cart
31:50 Imperial Age
30:04 Gold Shaft Mining
29:42 Forging
30:36 Scale Barding Armor
30:22 Fletching
31:41 Chain Barding Armor
31:57 Iron Casting
31:23 Padded Archer Armor
31:46 Ballistics
31:47 Town Watch
32:09 Bodkin Arrow
32:59 Conscription
34:01 Plate Barding Armor
35:17 Town Patrol
36:27 Blast Furnace
36:37 Chemistry
36:17 Elite Steppe Lancer
36:24 Elite Skirmisher
37:58 Leather Archer Armor
38:07 Steppe Husbandry
39:33 Crop Rotation
40:11 Two-Man Saw
39:43 Devotion
39:54 Fervor
40:05 Sanctity
41:22 Elite Kipchak
42:39 Hoardings
43:50 Capped Ram
46:11 Faith
46:18 Heresy
45:22 Siege Ram
54:08 Pikeman
54:51 Squires
57:34 Halberdier
58:17 Scale Mail Armor
64:14 Chain Mail Armor
69:36 Coinage
71:47 Plate Mail Armor
Connection lost

Rejoining the realm…

Still unreachable

The connection could not be restored.

Session expired

The server has moved on; the page needs a fresh start.